 Dungeon Crawl Stone Soup version 0.17-a0-1435-geafbe2f (webtiles) character file.

37 nono the Skirmisher (level 3, -1/24 HPs)
             Began as a Gargoyle Fighter on June 26, 2015.
             Slain by OrbSeeker's ghost (7 damage)
             ... on level 3 of the Dungeon.
             The game lasted 00:03:24 (1565 turns).

nono the Skirmisher (Gargoyle Fighter)              Turns: 1565, Time: 00:03:25

Health: -1/24      AC: 10    Str: 25    XL:     3   Next: 39%
Magic:  3/3        EV:  7    Int:  8    God:
Gold:   103        SH:  9    Dex:  9    Spells: 0 memorised, 2 levels left

rFire  . . .     SeeInvis .     t - +2 whip (venom)
rCold  . . .     Clarity  .     b - +0 scale mail
rNeg   + . .     SustAt   .     c - +0 shield
rPois  ∞         Gourm    .     (no helmet)
rElec  +         Spirit   .     (no cloak)
rCorr  .         Warding  .     (no gloves)
rMut   .         Rnd*Tele +     (no boots)
MR     .....                    f - amulet of rage
Stlth  ..........               (no ring)
                                p - ring of teleportation (curse)

@: mighty, not resistant to hostile enchantments, extremely unstealthy
A: negative energy resistance 1, electricity resistance, unbreathing,
petrification resistance, rot immunity, AC +3
a: Evoke Berserk Rage, Evoke Teleportation


You were on level 3 of the Dungeon.
You were not hungry.

You visited 1 branch of the dungeon, and saw 3 of its levels.

You collected 103 gold pieces.

Inventory:

Hand weapons
 a - a +0 flail
 t - a +2 whip of venom (weapon)
Armour
 b - a +0 scale mail (worn)
 c - a +0 shield (worn)
Jewellery
 f - an amulet of rage (around neck)
 p - a cursed ring of teleportation (left hand)
Scrolls
 h - 5 scrolls of teleportation {unknown}
 l - a scroll of identify {unknown}
 m - a scroll of noise {unknown}
 n - a scroll of fear {unknown}
 o - a scroll of remove curse {unknown}
 s - a scroll of amnesia {unknown}
Potions
 d - a potion of might
 g - a potion of ambrosia {unknown}
 j - a potion of brilliance {unknown}
 k - 3 potions of heal wounds {unknown}
 r - a potion of mutation {unknown}
 u - 2 potions of degeneration {unknown}
Comestibles
 e - a bread ration
 i - a meat ration
 q - a beef jerky
 v - 4 chunks of flesh


   Skills:
 + Level 4.1 Fighting
 - Level 2.0 Maces & Flails
 + Level 4.0 Armour
 - Level 3.2 Shields


You had 2 spell levels left.
You didn't know any spells.

Dungeon Overview and Level Annotations

Branches:
Dungeon (3/15)

Altars:
Fedhas
Kikubaaqudgha
Nemelex Xobeh
Ru
The Shining One

Annotations:
D:3 OrbSeeker's ghost, experienced FoFi


Innate Abilities, Weirdness & Mutations

You are resistant to torment.
Your stone body is resilient (AC +3).
You are immune to poison.
You resist negative energy.
You are resistant to electric shocks.
You can survive without breathing.
You are immune to petrification.
You are immune to rotting.


Message History

You barely miss OrbSeeker's ghost.
OrbSeeker's ghost is severely damaged.
You block OrbSeeker's ghost's attack.
You closely miss OrbSeeker's ghost.
OrbSeeker's ghost is severely damaged.
You block OrbSeeker's ghost's attack. OrbSeeker's ghost hits you!
* * * LOW HITPOINT WARNING * * *
Your shield and scale mail prevent you from hitting OrbSeeker's ghost.
OrbSeeker's ghost is severely damaged.
You block OrbSeeker's ghost's attack.
You whack OrbSeeker's ghost!
OrbSeeker's ghost is almost destroyed.
You block OrbSeeker's ghost's attack.
You hit OrbSeeker's ghost.
OrbSeeker's ghost is almost destroyed.
OrbSeeker's ghost hits you but does no damage.
Your shield and scale mail prevent you from hitting OrbSeeker's ghost.
OrbSeeker's ghost is almost destroyed.
OrbSeeker's ghost hits you!
You die...

..###..#.##.##.....#
### #..#.##.##.....#
#..#.......#####
#....##.#.##
#.#...#.#.#
#.......#(####
####.(.......#
#...##.##)#
#.......#@#
##.<.....!W..#
##.#<..#.##.....
#.#####.# #### # ..#
###


You could see OrbSeeker's ghost.

Vanquished Creatures
  A worm (D:2)
  8 bats
  A giant cockroach (D:2)
  6 hobgoblins
  3 kobolds
  2 giant newts (D:3)
  6 goblins
  7 rats
34 creatures vanquished.

Notes
Turn   | Place    | Note
--------------------------------------------------------------
     0 | D:1      | nono the Gargoyle Fighter began the quest for the Orb.
     0 | D:1      | Reached XP level 1. HP: 14/14 MP: 1/1
   289 | D:1      | Reached XP level 2. HP: 19/19 MP: 2/2
   687 | D:2      | Found a blossoming altar of Fedhas.
   737 | D:2      | Found an ancient bone altar of Kikubaaqudgha.
   810 | D:2      | Reached skill level 4 in Fighting
   829 | D:2      | Found a glowing golden altar of the Shining One.
   903 | D:2      | Reached XP level 3. HP: 24/24 MP: 3/3
   990 | D:2      | Found a sacrificial altar of Ru.
  1245 | D:2      | Found a sparkling altar of Nemelex Xobeh.
  1547 | D:3      | Noticed OrbSeeker's ghost (experienced FoFi)
  1565 | D:3      | Slain by OrbSeeker's ghost

Vault maps used:
D:1:      tarquinn_simple_flora_water_b
D:2:      lemuel_round_altar, kiku_gazebo_pond_becter,
          nicolae_ru_sacrificial_ziggurat, lemuel_coloured_pillars_altar,
          hangedman_decor_points, nemelex_altar_shiori
D:3:      uniq_jessica

Action                   || total
-------------------------++-------
Melee: Flail             ||   114
       Whip              ||    28
  Use: Potion            ||     1
  Eat: Chunk             ||     2
